Description

This build order is very greedy: You play with only 1 gateway until 5min then you start a massive gateway production. The 2 fast forge will give you the opportunity to play a sold late game.

This replay comes from a ladder game.

Notes :

  • Start with a standard 1 gate expand
  • Only play with 2 gas
  • You can play with 2 cannons before third base if you play against a 1-1-1
  • Do you robo after your massive production
  • Always chronoboost your twilight council: Blink then Charge
  • Put some pylons in the map to see drops coming

VOD

https://youtu.be/_8tubokpxU8

Replay - PvT mass zealot stalker

Build Order

Get SALT Encoding   

  12  0:00  Probe  
  13  0:13  Probe  
  14  0:19  Pylon  
  14  0:21  Probe  
  15  0:33  Probe  
  15  0:39  Gateway  
  16  0:44  Probe  
  16  0:48  Assimilator  
  17  0:55  Probe  
  18  1:03  Probe  
  18  1:11  Probe  
  20  1:26  Cybernetics Core  
  20  1:27  Probe  
  21  1:44  Nexus  
  21  1:48  Assimilator  
  21  1:55  Stalker  
  21  1:59  Pylon  
  23  2:08  Warp Gate  
  23  2:17  Probe  
  24  2:24  Stalker  
  27  2:42  Twilight Council  
  28  2:54  Stalker  
  33  3:15  Blink  
  35  3:23  Forge x2  
  38  3:43  Stalker  
  42  4:01  Pylon  
  43  4:05  Protoss Ground Weapons Level 1  
  43  4:06  Protoss Ground Armor Level 1  
  44  4:16  Pylon  
  46  4:23  Stalker  
  50  4:34  Pylon  
  51  4:43  Nexus  
  51  4:51  Photon Cannon  
  52  5:01  Photon Cannon  
  52  5:02  Stalker  
  55  5:08  Charge  
  56  5:19  Gateway x2  
  56  5:24  Gateway  
  56  5:31  Gateway  
  56  5:44  Zealot  
  56  5:49  Gateway x2  
  58  5:55  Protoss Ground Weapons Level 2  
  57  5:57  Gateway x2  
  58  6:06  Zealot, Protoss Ground Armor Level 2  
  60  6:17  Zealot x2  
  66  6:29  Zealot x3  
  74  6:45  Zealot x2  
  75  6:52  Zealot  
  81  7:00  Robotics Facility  
  81  7:04  Stalker x2  
  107  8:09  Protoss Ground Weapons Level 3  
  105  8:21  Nexus  
  105  8:25  Protoss Ground Armor Level 3, Warp Prism  
  103  9:07  Stalker x2  
  122  9:18  Observer  
Spawning Tool Build Advisor. Get it on Overwolf

Go to:

Details

  • Created by: zuka      
  • Published on: Apr 20, 2019
  • Patch: 4.7.1
Show
View Real Time Build Order
Export as new Build Order

Comments (1)

On April 30, 2019, 6:14 p.m., Zentraidee  said:

Amazing game.Amazing instruction from Zuka.

Create an account to comment!